 Dungeon Crawl Stone Soup version 0.21-a0-618-g6cbd37f (webtiles) character file.

184 Doomer the Chiller (level 5, -1/36 HPs)
             Began as a Demonspawn Ice Elementalist on Dec 23, 2017.
             Slain by Crazy Yiuf
             ... wielding a +2 quarterstaff of chaos
              (19 damage)
             ... on level 3 of the Dungeon.
             The game lasted 00:14:33 (4580 turns).

Doomer the Chiller (Demonspawn Ice Elementalist)    Turns: 4580, Time: 00:14:34

Health: -1/36      AC:  2    Str:  8    XL:     5   Next: 36%
Magic:  4/10       EV: 12    Int: 17    God:
Gold:   72         SH:  0    Dex: 14    Spells: 5/11 levels left

rFire    + . .     SeeInvis .   (no weapon)
rCold    . . .     Gourm    .   (no shield)
rNeg     . . .     Faith    .   a - +0 robe
rPois    .         Spirit   .   (helmet restricted)
rElec    .         Reflect  .   (no cloak)
rCorr    .         Harm     .   (no gloves)
MR       .....                  (no boots)
Stlth    ++........             (no amulet)
HPRegen  0.12/turn              o - ring of fire
MPRegen  0.12/turn              (no ring)

@: no status effects
A: antennae 1, cold resistance 1
a: no special abilities


You were on level 3 of the Dungeon.
You were hungry.

You visited 1 branch of the dungeon, and saw 3 of its levels.

You collected 72 gold pieces.

Inventory:

Armour
 a - a +0 robe (worn)
Jewellery
 o - a ring of fire (left hand)
Scrolls
 d - a scroll of magic mapping {unknown}
 e - 2 scrolls of identify
 f - a scroll of enchant armour {unknown}
 g - 2 scrolls of blinking {unknown}
 h - a scroll of noise {unknown}
 j - 2 scrolls of remove curse {unknown}
 k - a scroll of fog {unknown}
Potions
 i - 2 potions of brilliance {unknown}
 l - 2 potions of degeneration {unknown}
 m - a potion of invisibility {unknown}
Books
 b - a book of Frost

   Spells                             Type                      Level
   a - Freeze                         Ice                          1
   b - Throw Frost                    Conjuration/Ice              2
   c - Ozocubu's Armour               Charms/Ice                   3
   d - Throw Icicle                   Conjuration/Ice              4
   e - Summon Ice Beast               Ice/Summoning                4
Comestibles
 c - 6 rations


   Skills:
 + Level 0.6 Fighting
 + Level 2.2 Dodging
 + Level 1.9 Stealth
 + Level 0.7 Unarmed Combat
 + Level 3.5 Spellcasting
 + Level 1.2 Conjurations
 + Level 4.1 Ice Magic


You had 5 spell levels left.
You knew the following spells:

 Your Spells              Type           Power        Failure   Level  Hunger
a - Freeze                Ice            ###.         3%          1    None
b - Throw Frost           Conj/Ice       ##....       9%          2    ##.....
c - Ozocubu's Armour      Chrm/Ice       ##......     22%         3    ###....


Dungeon Overview and Level Annotations

Branches:
Dungeon (3/15)

Altars:
Xom

Annotations:
D:3 Crazy Yiuf


Innate Abilities, Weirdness & Mutations

You have a pair of small antennae on your head.
Your flesh is cold resistant. (rC+)


Message History

Confirm with . or Enter, or press ? or * to list all spells.
Aiming: Freeze
Press: ? - help, Shift-Dir - straight line, f/p - Crazy Yiuf
Aim: Crazy Yiuf, wielding a quarterstaff of chaos and wearing a cloak (moderately wounded)
You freeze Crazy Yiuf.
Crazy Yiuf is heavily wounded.
Crazy Yiuf hits you with a quarterstaff of chaos.
Crazy Yiuf freezes you.
Casting: Freeze
Confirm with . or Enter, or press ? or * to list all spells.
Aiming: Freeze
Press: ? - help, Shift-Dir - straight line, f/p - Crazy Yiuf
Aim: Crazy Yiuf, wielding a quarterstaff of chaos and wearing a cloak (heavily wounded)
You freeze Crazy Yiuf.
Crazy Yiuf is severely wounded.
Crazy Yiuf grits, "Trifle green bag!"
Crazy Yiuf hits you with a quarterstaff of chaos!
You are electrocuted!
Ouch! That really hurt!
You die...

#.###....#
#.# #....#
#.# ♣....♣
##########.#
♣...♣♣
...>.......#
♣♣.♣♣
#####.#.####
♣.♣♣
####.#.##
♣♣.♣
#.......#
♣.♣♣
#.......#
♣♣@♣
##.......###
#g#
#..........#
...
...........#
#...#
########
...........#
#..)#
#......#
...........#
#####
######.#
....#......#
#.#
.....(.....#
#.#
......###..#
#.#


You could see Crazy Yiuf.

Vanquished Creatures
  A howler monkey (D:2)
  A gnoll (D:1)
  5 adders
  3 worms
  3 dart slugs (D:1)
  4 orcs (D:3)
  3 ball pythons
  5 giant cockroaches
  10 goblins
  5 hobgoblins
  7 jackals (D:1)
  6 kobolds
  8 bats
  6 frilled lizards
  5 rats
72 creatures vanquished.

Notes
Turn   | Place    | Note
-------+----------+-------------------------------------------
     0 | D:1      | Doomer the Demonspawn Ice Elementalist began the quest for the Orb.
     0 | D:1      | Reached XP level 1. HP: 13/13 MP: 3/3
     9 | D:1      | Found a shimmering altar of Xom.
   244 | D:1      | Reached skill level 3 in Ice Magic
   244 | D:1      | Gained mutation: Your flesh is cold resistant. (rC+) [demonic ancestry]
   244 | D:1      | Reached XP level 2. HP: 14/20 MP: 0/5
   347 | D:1      | Learned a level 2 spell: Throw Frost
   886 | D:1      | Reached XP level 3. HP: 25/25 MP: 2/6
  2034 | D:2      | Learned a level 3 spell: Ozocubu's Armour
  2161 | D:2      | Reached XP level 4. HP: 23/31 MP: 1/8
  3590 | D:3      | Gained mutation: You have a pair of small antennae on your head. [demonic ancestry]
  3590 | D:3      | Reached XP level 5. HP: 35/36 MP: 5/10
  3859 | D:3      | Reached skill level 4 in Ice Magic
  4450 | D:3      | Found a runed door.
  4576 | D:3      | Noticed Crazy Yiuf
  4580 | D:3      | Slain by Crazy Yiuf

Vault maps used:
D:1:      minmay_arrival_stone_box, xom_teletrap_fun
D:3:      uniq_crazy_yiuf_cottage

Skill      XL: |  1  2  3  4  5 |
---------------+----------------+-----
Ice Magic      | 3 4 |  4.1
Dodging        | 2 |  2.2
Spellcasting   | 3 |  3.5
Fighting       | |  0.6
Stealth        | |  1.9
Unarmed Combat | |  0.7
Conjurations   | |  1.2

Action                   |  1- 3 |  4- 6 || total
-------------------------+-------+-------++-------
Melee: Unarmed           |    81 |     8 ||    89
 Cast: Freeze            |    41 |    68 ||   109
       Throw Frost       |    17 |     9 ||    26
       Ozocubu's Armour  |     1 |       ||     1
  Use: Potion            |     1 |       ||     1
       Scroll            |     2 |       ||     2
  Eat: Chunk             |     3 |     6 ||     9
       Ration            |     1 |       ||     1
Armor: Robe              |    20 |    10 ||    30
Dodge: Dodged            |    91 |    21 ||   112

Table legend:
 A = Spawn XP
 B = Non-spawn XP
 C = Spawn XP percentage of total XP
 D = Spawn monster count
 E = Non-spawn monster count
 F = Spawn count percentage of total count
 G = Total turns spent on level
                    A         B        C        D         E        F      G
               +---------+---------+-------+---------+---------+-------+---------
         Total |       0 |     263 |   0.0 |       0 |      72 |   0.0 |  4580
               +---------+---------+-------+---------+---------+-------+---------
           D:1 |       0 |      77 |   0.0 |       0 |      34 |   0.0 |  2026
           D:2 |       0 |      99 |   0.0 |       0 |      15 |   0.0 |  1454
           D:3 |       0 |      87 |   0.0 |       0 |      23 |   0.0 |  1100
               +---------+---------+-------+---------+---------+-------+---------
